 Dungeon Crawl Stone Soup version 0.31-a0-210-gccc998df9b (webtiles) character file.

Game seed: 11749326411705503059

85103 qw the Severer (level 15, -8/96 HPs)
             Began as a Gargoyle Fighter on June 30, 2023.
             Was an Elder of Okawaru.
             Mangled by a five-headed hydra (11 damage)
             ... summoned by a boggart
             ... on level 15 of the Dungeon.
             The game lasted 00:13:06 (21266 turns).

qw the Severer (Gargoyle Fighter)                  Turns: 21266, Time: 00:13:07

Health: -8/96      AC: 48    Str: 23    XL:     15   Next: 82%
Magic:  22/22      EV: 10    Int: 13    God:    Okawaru [****..]
Gold:   1778       SH: 25    Dex: 15    Spells: 14/14 levels left

rFire   + . .        c - +2 morningstar (protect)
rCold   . . .        I - +0 tower shield
rNeg    + . .        w - +3 plate armour {rF+}
rPois   inf          m - +0 helmet
rElec   +            h - +1 cloak
rCorr   +            f - +0 pair of gloves
SInv    .            D - +1 pair of boots "Feintof" {Will++ rCorr Str-3 Int+3}
Will    ++++.        z - amulet of reflection Stlth
                     n - ring of willpower
HPRegen 0.36/turn    C - +6 ring of dexterity
MPRegen 0.18/turn

%: reflection
@: heroic, under a protective aura, flying
A: sickness immunity, AC +11, big wings, negative energy resistance 1,
electricity resistance, torment resistance 1, petrification resistance
a: Renounce Religion, Heroism, Finesse


You were on level 15 of the Dungeon.
You worshipped Okawaru.
Okawaru was greatly pleased with you.
You visited 3 branches of the dungeon, and saw 21 of its levels.

You collected 1778 gold pieces.


Innate Abilities, Weirdness & Mutations

You are immune to sickness and miasma.
Your stone body is resilient. (AC +11)
You are immune to poison.
Your large and strong wings let you fly.
You resist negative energy. (rN+)
You are resistant to electric shocks. (rElec)
You are resistant to unholy torment.
You are immune to petrification.


   Skills:
 - Level 12.0(17.0) Fighting
 - Level 16.0(21.0) Axes
 - Level 6.0(11.0) Throwing
 - Level 12.0(17.0) Armour
 - Level 4.0(9.0) Dodging
 + Level 12.4(17.4) Shields
 - Level 10.0 Invocations


You had 14 spell levels left.
You didn't know any spells.
Your spell library was empty.

Inventory:

Hand Weapons
 c - a +2 morningstar of protection (weapon)
 e - a +0 spectral war axe
 J - a +2 broad axe of distortion
Missiles
 u - 3 boomerangs (quivered)
 A - a javelin
 F - 3 silver javelins
Armour
 f - a +0 pair of gloves (worn)
 h - a +1 cloak (worn)
 j - +0 acid dragon scales
 m - a +0 helmet (worn)
 q - a +0 pair of boots
 w - a +3 plate armour of fire resistance (worn)
 y - a +1 chain mail of cold resistance
 D - the +1 pair of boots "Feintof" (worn) {Will++ rCorr Str-3 Int+3}
   (You acquired it on level 4 of the Lair of Beasts)

   Str:       It affects your strength (-3).
   Int:       It affects your intelligence (+3).
   rCorr:     It protects you from acid and corrosion.
   Will:      It greatly increases your willpower.
 I - a +0 tower shield (worn)
Jewellery
 b - a ring of ice
 i - a ring of willpower
 n - a ring of willpower (left hand)
 p - a ring of ice
 s - a ring of resist corrosion
 x - a ring of resist corrosion
 z - an amulet of reflection (around neck)
 C - a +6 ring of dexterity (right hand)
 H - a ring of protection from fire
Scrolls
 k - 11 scrolls of identify
Potions
 a - 6 potions of lignification
 d - 4 potions of might
 g - 3 potions of haste
 l - 4 potions of curing
 o - 2 potions of enlightenment
 t - a potion of resistance
 v - a potion of attraction
 B - a potion of magic
 E - a potion of mutation

Dungeon Overview and Level Annotations

Branches:
Dungeon (15/15) Temple (1/1) D:7 Lair (5/5) D:10 Swamp (0/4) Lair:2 Snake (0/4) Lair:3 Slime (0/5) Lair:4 Orc (0/2) D:10 Vaults (0/5) D:13 D:14 Depths: D:15

Altars:
Ashenzari
Cheibriados
Dithmenos
Elyvilon
Fedhas
Gozag
Hepliaklqana
Kikubaaqudgha
Makhleb
Nemelex Xobeh
Okawaru
Qazlal
Ru
Sif Muna
Trog
Uskayaw
Vehumet
Wu Jian
Xom
Yredelemnul
Zin
The Shining One

Portals:
Hell: Lair:5

Annotations:
D:8 1 runed translucent door, qw's ghost, novice DEHu
D:10 3 runed translucent doors, qw's ghost, journeyman GrHs
Lair:2 3 runed translucent doors, qw's ghost, journeyman GrHu
Lair:3 1 runed translucent door, qw's ghost, journeyman DEHu


Message History

You block the vampire mosquito's attack.
The green ugly thing closely misses you.
The orc knight hits you but does no damage.
The five-headed hydra barely misses you.
You block the five-headed hydra's attack.
The five-headed hydra completely misses you.
The five-headed hydra bites you but does no damage. x2
The cyclops barely misses you.
You barely miss the green ugly thing.
The green ugly thing is moderately wounded.
You block the vampire mosquito's attack.
Something hits you but does no damage.
You block the green ugly thing's attack.
The vampire mosquito misses you. You block the orc knight's attack.
You puncture the green ugly thing!
The green ugly thing is heavily wounded.
You block something's attack.
You block the vampire mosquito's attack.
The five-headed hydra bites you but does no damage. x2
The five-headed hydra closely misses you.
The five-headed hydra barely misses you.
You block the five-headed hydra's attack.
The brown ugly thing basks in the mutagenic energy from its kin and changes!
The green ugly thing bites you but does no damage.
You impale the green ugly thing!!
The green ugly thing is severely wounded.
You block the vampire mosquito's attack.
Something hits you but does no damage. You block the orc knight's attack.
You block the five-headed hydra's attack. x3
The five-headed hydra bites you but does no damage.
You block the five-headed hydra's attack.
The green ugly thing bites you but does no damage.
You closely miss the green ugly thing.
The green ugly thing is severely wounded.
Something hits you but does no damage.
The five-headed hydra barely misses you.
The five-headed hydra bites you but does no damage.
You block the five-headed hydra's attack. x2
The five-headed hydra bites you!
You die...

#.....########
#.#..........#
#.#)###.####.#
...####<#.###.####.#.#
......................
.#.####.#.####.###.#.#
.....# #..# ###.#.#
##{## #.#.# #@uy#
#.#..


#DuDo.# #...##C8yl{8.# #####u#u{ooo#.# #.uu8T..8...# +.....".....+ #...8...8...#
#.#.....#.## You could see 2 five-headed hydras, an orc knight (summoned), 6
ugly things, a cyclops (summoned), a troll (summoned), a basilisk (summoned), 3
orc warriors and 2 vampire mosquitoes.

Vanquished Creatures
  Jorgrun (D:14)
  Louise (D:14)
  Nessos (D:14)
  A war gargoyle (D:13)
  A dire elephant (Lair:5)
  Azrael (D:12)
  5 hydras
  A rakshasa (D:14)
  Erolcha (D:13)
  2 catoblepae
  A centaur warrior (D:13)
  A death knight (D:14)
  2 boulder beetles (D:12)
  5 two-headed ogres
  5 death yaks (Lair:2)
  Nergalle (Lair:3)
  Sonja (Lair:1)
  A sun demon (Lair:5)
  A deep elf knight (D:13)
  A skyshark (Lair:3)
  A skeletal warrior (D:13)
  A bog body (Lair:2)
  2 deep elf pyromancers
  A wizard (Lair:5)
  An orc knight (D:14)
  2 manticores
  11 ugly things
  3 cyclopes
  22 elephants
  5 black mambas
  9 gargoyles (D:13)
  18 cane toads
  4 orange demons (Lair:5)
  An unseen horror (D:13)
  8 rime drakes
  14 komodo dragons
  2 ice devils (Lair:5)
  5 trolls
  A hellwing (Lair:5)
  A polar bear (Lair:5)
  A hornet (D:7)
  15 blink frogs
  11 dream sheep (Lair:3)
  4 slime creatures (D:12)
  2 shadows
  Sigmund (D:3)
  3 wyverns
  2 wraiths
  A hog (shapeshifter) (D:13)
  A steam dragon (D:9)
  3 basilisks
  16 humans
  60 yaks
  2 fire elementals (D:12)
  8 vampire mosquitoes
  3 wargs (D:10)
  2 nagas (Lair:3)
  An acid dragon (D:5)
  6 hell hounds
  9 water moccasins
  2 black bears
  5 orc warriors
  A sky beast (D:7)
  A swamp drake (Lair:5)
  4 ice beasts
  9 wolves
  12 centaurs
  6 ogres
  3 phantoms
  A kobold brigand (D:10)
  13 bullfrogs
  5 scorpions
  12 wights
  5 killer bees (D:9)
  3 troll zombies (D:10)
  4 howler monkeys
  7 jellies
  7 orc priests
  2 iguanas
  A sleepcap (D:5)
  12 orc wizards
  5 ogre zombies (D:10)
  7 gnolls
  9 adders
  3 shadow imps
  12 white imps (Lair:1)
  An ufetubus (D:6)
  3 worms
  3 dart slugs (D:4)
  28 orcs
  6 bats
  7 endoplasms
  5 giant cockroaches
  5 goblins
  4 hobgoblins
  2 jackals (D:3)
  7 kobolds
  3 quokkas
  7 ball pythons
  3 frilled lizards
  5 goblin zombies (D:10)
  A hobgoblin skeleton (D:10)
  4 hobgoblin zombies (D:10)
  2 orc skeletons (D:10)
  13 orc zombies (D:10)
  3 rats
560 creatures vanquished.

Vanquished Creatures (others)
  An orc wizard (D:5)
  11 spectral weapons
12 creatures vanquished.

Grand Total: 572 creatures vanquished

Notes
Turn   | Place    | Note
-------+----------+-------------------------------------------
     0 | D:1      | qw the Gargoyle Fighter began the quest for the Orb.
     0 | D:1      | Reached XP level 1. HP: 14/14 MP: 1/1
     0 | D:1      | 0 ||| qw: Version: 0.3-a-24-ga2abf7b
     0 | D:1      | 0 ||| qw: Game counter: 7081
     0 | D:1      | 0 ||| qw: Melee chars always use a shield: true
     0 | D:1      | 0 ||| qw: God list: Okawaru
     0 | D:1      | 0 ||| qw: Allow faded altars: false
     0 | D:1      | 0 ||| qw: Do Orc after clearing Dungeon:15 true
     0 | D:1      | 0 ||| qw: Do second Lair branch before Depths: true
     0 | D:1      | 0 ||| qw: Lair rune preference: random
     0 | D:1      | 0 ||| qw: Goals: Normal, Zot:1-4, Slime:5, God:TSO, Crypt,
                  | Tomb, Abyss, Pan, Hells, Win
     0 | D:1      | 0 ||| PLANNING D:1-11
   103 | D:1      | Reached skill level 2 in Axes
   566 | D:1      | Reached XP level 2. HP: 19/19 MP: 2/2
   766 | D:1      | 766 ||| UPGRADING to +0 cloak.
   771 | D:1      | 771 ||| READING scroll labelled QIOQEDDUMN.
   772 | D:1      | 772 ||| READING scroll labelled COTUIZ RITTEI.
   773 | D:1      | 773 ||| READING scroll labelled GIKHOI GUHE.
   774 | D:1      | 774 ||| DRINKING 2 grey potions.
   784 | D:1      | 784 ||| DROPPING potion of ambrosia.
   833 | D:2      | Reached skill level 3 in Axes
   853 | D:2      | Reached XP level 3. HP: 19/23 MP: 3/3
  1247 | D:2      | 1247 ||| READING scroll labelled HYOMUA NIZITO.
  1248 | D:2      | 1248 ||| READING scroll labelled BESSUR RIEBB.
  1344 | D:3      | 1344 ||| Stepping ~*~*~tactically~*~*~ (stealth).
  1376 | D:3      | 1376 ||| DROPPING +0 mace.
  1393 | D:3      | 1393 ||| Stepping ~*~*~tactically~*~*~ (stealth).
  1396 | D:3      | 1396 ||| Stepping ~*~*~tactically~*~*~ (stealth).
  1434 | D:3      | Reached XP level 4. HP: 28/28 MP: 4/4
  1515 | D:3      | 1515 ||| READING scroll of enchant armour.
  1515 | D:3      | 1515 ||| ENCHANTING +0 cloak.
  1595 | D:3      | 1595 ||| Stepping ~*~*~tactically~*~*~ (stealth).
  1596 | D:3      | 1596 ||| Stepping ~*~*~tactically~*~*~ (stealth).
  1597 | D:3      | 1597 ||| Stepping ~*~*~tactically~*~*~ (stealth).
  1643 | D:3      | Reached skill level 4 in Axes
  1729 | D:3      | 1729 ||| Stepping ~*~*~tactically~*~*~ (hiding).
  1732 | D:3      | 1732 ||| Stepping ~*~*~tactically~*~*~ (stealth).
  1918 | D:3      | 1918 ||| Stepping ~*~*~tactically~*~*~ (stealth).
  1926 | D:3      | 1926 ||| FLEEEEING.
  1966 | D:3      | Noticed Sigmund
  1974 | D:3      | Killed Sigmund
  1975 | D:3      | Reached skill level 5 in Axes
  1975 | D:3      | Reached XP level 5. HP: 10/32 MP: 5/5
  1975 | D:3      | Reached XP level 6. HP: 11/37 MP: 6/6
  2228 | D:3      | 2228 ||| UPGRADING to +0 pair of gloves.
  2233 | D:3      | 2233 ||| READING scroll labelled CIM TAZOUPIA.
  2234 | D:3      | 2234 ||| READING scroll labelled CUT MEFETICIS.
  2235 | D:3      | 2235 ||| READING scroll labelled ASCHIT ZARORPHEENA.
  2236 | D:3      | 2236 ||| DRINKING 2 golden potions.
  2237 | D:3      | 2237 ||| DROPPING potion of brilliance.
  2393 | D:4      | Reached skill level 1 in Dodging
  2449 | D:4      | 2449 ||| FLEEEEING.
  2462 | D:4      | 2462 ||| FLEEEEING.
  2506 | D:4      | 2506 ||| Stepping ~*~*~tactically~*~*~ (hiding).
  2507 | D:4      | 2507 ||| Stepping ~*~*~tactically~*~*~ (hiding).
  2649 | D:4      | Reached XP level 7. HP: 43/43 MP: 7/7
  2694 | D:4      | Reached skill level 6 in Axes
  2753 | D:4      | 2753 ||| Stepping ~*~*~tactically~*~*~ (hiding).
  2754 | D:4      | 2754 ||| Stepping ~*~*~tactically~*~*~ (hiding).
  2867 | D:4      | You fall into a shaft and drop 3 floors!
  2868 | D:7      | 2868 ||| UPGRADING to +0 helmet.
  2873 | D:7      | 2873 ||| FLEEEEING.
  2874 | D:7      | 2874 ||| FLEEEEING.
  2875 | D:7      | 2875 ||| FLEEEEING.
  2876 | D:7      | 2876 ||| STAIRDANCE
  2967 | D:6      | 2967 ||| UPGRADING to amulet of the acrobat.
  2972 | D:6      | 2972 ||| DROPPING ring of wizardry.
  2973 | D:6      | 2973 ||| UPGRADING to +6 ring of dexterity.
  2974 | D:6      | 2974 ||| DRINKING 2 sapphire potions.
  2975 | D:6      | 2975 ||| READING 3 scrolls of identify.
  2975 | D:6      | 2975 ||| IDENTIFYING black potion
  2976 | D:6      | 2976 ||| READING 2 scrolls of identify.
  2976 | D:6      | 2976 ||| IDENTIFYING cyan potion
  2985 | D:5      | Entered Level 5 of the Dungeon
  2993 | D:5      | Reached skill level 7 in Axes
  3032 | D:5      | Found a blossoming altar of Fedhas.
  3055 | D:5      | 3055 ||| Stepping ~*~*~tactically~*~*~ (hiding).
  3062 | D:5      | Reached XP level 8. HP: 28/49 MP: 8/8
  3062 | D:5      | HP: 11/49 [acid dragon/splash of acid (18)]
  3394 | D:4      | 3394 ||| UPGRADING to +0 acid dragon scales.
  3404 | D:4      | 3404 ||| DROPPING +0 scale mail.
  3496 | D:5      | Reached skill level 1 in Throwing
  4077 | D:5      | 4077 ||| Stepping ~*~*~tactically~*~*~ (hiding).
  4120 | D:5      | 4120 ||| Stepping ~*~*~tactically~*~*~ (stealth).
  4122 | D:5      | 4122 ||| Stepping ~*~*~tactically~*~*~ (hiding).
  4132 | D:5      | Reached skill level 8 in Axes
  4137 | D:5      | 4137 ||| READING scroll labelled DEISCHE CEYP.
  4138 | D:5      | 4138 ||| READING scroll labelled ZYOTEGRUAJI.
  4138 | D:5      | Identified a scroll of acquirement
  4138 | D:5      | 4138 ||| ACQUIRING +3 war axe of electrocution
  4138 | D:5      | Acquired a +3 war axe of electrocution
  4226 | D:6      | 4226 ||| Stepping ~*~*~tactically~*~*~ (stealth).
  4228 | D:6      | 4228 ||| Stepping ~*~*~tactically~*~*~ (stealth).
  4342 | D:6      | Found an ornate altar of the Wu Jian Council.
  4345 | D:6      | 4345 ||| Stepping ~*~*~tactically~*~*~ (stealth).
  4410 | D:6      | Reached skill level 6 in Fighting
  4431 | D:6      | Reached XP level 9. HP: 24/56 MP: 9/9
  4436 | D:6      | 4436 ||| FLEEEEING.
  4743 | D:6      | Found a basalt altar of Yredelemnul.
  4809 | D:6      | 4809 ||| Stepping ~*~*~tactically~*~*~ (stealth).
  4904 | D:6      | Reached skill level 9 in Axes
  5020 | D:6      | Found a hazy altar of Hepliaklqana.
  5021 | D:6      | 5021 ||| UPGRADING to +0 chain mail.
  5031 | D:6      | 5031 ||| READING scroll labelled RYNIRA ZEBB.
  5034 | D:6      | 5034 ||| READING 4 scrolls of identify.
  5034 | D:6      | 5034 ||| IDENTIFYING glowing yellow potion
  5084 | D:7      | 5084 ||| Stepping ~*~*~tactically~*~*~ (hiding).
  5085 | D:7      | 5085 ||| Stepping ~*~*~tactically~*~*~ (hiding).
  5167 | D:7      | Noticed a hornet
  5174 | D:7      | Killed a hornet
  5321 | D:7      | 5321 ||| Stepping ~*~*~tactically~*~*~ (stealth).
  5370 | D:7      | Found a staircase to the Ecumenical Temple.
  5371 | D:7      | 5371 ||| PLANNING TEMPLE
  5371 | D:7      | 5371 ||| READING 3 scrolls of identify.
  5371 | D:7      | 5371 ||| IDENTIFYING fizzy silvery potion
  5380 | Temple   | Entered the Ecumenical Temple
  5402 | Temple   | 5402 ||| PLANNING OKAWARU WORSHIP
  5489 | Temple   | Became a worshipper of Warmaster Okawaru
  5490 | Temple   | 5490 ||| PLANNING D:1-11
  5548 | D:7      | 5548 ||| Stepping ~*~*~tactically~*~*~ (stealth).
  5641 | D:7      | HP: 14/57 [wight/+0 short sword (4)]
  5642 | D:7      | 5642 ||| DRINKING potion of heal wounds.
  5699 | D:7      | 5699 ||| DROPPING +0 flail.
  5739 | D:7      | Reached * piety under Okawaru
  6059 | D:7      | Reached skill level 1 in Invocations
  6119 | D:7      | 6119 ||| READING scroll labelled VYG VUVVILL.
  6161 | D:8      | 6161 ||| Stepping ~*~*~tactically~*~*~ (stealth).
  6166 | D:8      | Reached skill level 10 in Axes
  6166 | D:8      | 6166 ||| FLEEEEING.
  6167 | D:8      | 6167 ||| FLEEEEING.
  6168 | D:8      | 6168 ||| FLEEEEING.
  6169 | D:8      | 6169 ||| FLEEEEING.
  6170 | D:8      | 6170 ||| STAIRDANCE
  6180 | D:8      | 6180 ||| STAIRDANCE
  6183 | D:7      | 6183 ||| INVOKING Heroism.
  6185 | D:7      | Reached XP level 10. HP: 29/63 MP: 8/11
  6186 | D:7      | Reached skill level 3 in Invocations
  6325 | D:8      | 6325 ||| Stepping ~*~*~tactically~*~*~ (stealth).
  6327 | D:8      | 6327 ||| Stepping ~*~*~tactically~*~*~ (hiding).
  6338 | D:8      | Reached skill level 6 in Armour
  6639 | D:8      | Found a hide-covered altar of Uskayaw.
  6650 | D:8      | 6650 ||| Stepping ~*~*~tactically~*~*~ (hiding).
  6651 | D:8      | 6651 ||| Stepping ~*~*~tactically~*~*~ (hiding).
  6772 | D:8      | Reached ** piety under Okawaru
  6858 | D:8      | Found a runed translucent door.
  6860 | D:8      | Noticed qw's ghost (novice DEHu)
  7108 | D:8      | 7108 ||| UPGRADING to ring of willpower.
  7109 | D:8      | 7109 ||| DROPPING ring of flight.
  7268 | D:9      | 7268 ||| Stepping ~*~*~tactically~*~*~ (stealth).
  7270 | D:9      | 7270 ||| INVOKING Heroism.
  7271 | D:9      | 7271 ||| Stepping ~*~*~tactically~*~*~ (stealth).
  7291 | D:9      | 7291 ||| INVOKING Heroism.
  7385 | D:9      | Noticed a two-headed ogre
  7386 | D:9      | 7386 ||| INVOKING Heroism.
  7394 | D:9      | Killed a two-headed ogre
  7395 | D:9      | Reached skill level 6 in Shields
  7535 | D:9      | Reached *** piety under Okawaru
  7634 | D:9      | 7634 ||| Stepping ~*~*~tactically~*~*~ (hiding).
  7635 | D:9      | 7635 ||| Stepping ~*~*~tactically~*~*~ (hiding).
  7794 | D:9      | 7794 ||| INVOKING Heroism.
  7799 | D:9      | 7799 ||| Stepping ~*~*~tactically~*~*~ (stealth).
  7802 | D:9      | Reached skill level 11 in Axes
  7807 | D:9      | Reached skill level 3 in Dodging
  7808 | D:9      | Reached XP level 11. HP: 62/69 MP: 12/14
  7818 | D:9      | Reached skill level 9 in Fighting
  7989 | D:9      | 7989 ||| UPGRADING to +0 plate armour of fire resistance.
  7999 | D:9      | 7999 ||| DROPPING +0 chain mail.
  8000 | D:9      | 8000 ||| UPGRADING to amulet of regeneration.
  8010 | D:9      | 8010 ||| DROPPING amulet of the acrobat.
  8011 | D:9      | 8011 ||| READING scroll labelled SAUREK ALOITI.
  8040 | D:10     | Entered Level 10 of the Dungeon
  8094 | D:10     | 8094 ||| Stepping ~*~*~tactically~*~*~ (stealth).
  8096 | D:10     | 8096 ||| INVOKING Heroism.
  8120 | D:10     | Received a gift from Okawaru
  8155 | D:10     | 8155 ||| Stepping ~*~*~tactically~*~*~ (stealth).
  8157 | D:10     | 8157 ||| Stepping ~*~*~tactically~*~*~ (stealth).
  8169 | D:10     | Reached **** piety under Okawaru
  8176 | D:10     | Found a staircase to the Orcish Mines.
  8187 | D:10     | 8187 ||| INVOKING Heroism.
  8273 | D:10     | 8273 ||| Stepping ~*~*~tactically~*~*~ (hiding).
  8274 | D:10     | 8274 ||| Stepping ~*~*~tactically~*~*~ (hiding).
  8283 | D:10     | Found a staircase to the Lair.
  8288 | D:10     | 8288 ||| INVOKING Heroism.
  8341 | D:10     | Found a runed translucent gate.
  8342 | D:10     | Found a runed translucent gate.
  8343 | D:10     | Found a runed translucent gate.
  8345 | D:10     | Noticed qw's ghost (journeyman GrHs)
  8369 | D:10     | Found a glowing silver altar of Zin.
  8385 | D:10     | Identified the +7 mace "Tuqaaham" {venom, Dex+4}
  8406 | D:10     | Found an ancient bone altar of Kikubaaqudgha.
  8406 | D:10     | Found a stormy altar of Qazlal.
  8702 | D:10     | 8702 ||| INVOKING Heroism.
  8712 | D:10     | 8712 ||| Stepping ~*~*~tactically~*~*~ (stealth).
  8741 | D:10     | 8741 ||| INVOKING Heroism.
  8991 | D:10     | 8991 ||| DROPPING scarf of shadows.
  8992 | D:10     | 8992 ||| PLANNING LAIR
  8992 | D:10     | 8992 ||| UPGRADING to ring of willpower.
  9011 | Lair:1   | Entered Level 1 of the Lair of Beasts
  9039 | Lair:1   | Noticed a catoblepas
  9039 | Lair:1   | 9039 ||| INVOKING Heroism.
  9055 | Lair:1   | Killed a catoblepas
  9091 | Lair:1   | 9091 ||| Stepping ~*~*~tactically~*~*~ (hiding).
  9093 | Lair:1   | Found a frozen archway.
  9102 | Lair:1   | 9102 ||| INVOKING Heroism.
  9112 | Lair:1   | Reached skill level 6 in Invocations
  9219 | Lair:1   | Noticed Sonja
  9222 | Lair:1   | Killed Sonja
  9223 | Lair:1   | Reached skill level 12 in Axes
  9229 | Lair:1   | Received a gift from Okawaru
  9284 | Lair:1   | 9284 ||| INVOKING Heroism.
  9327 | Lair:1   | 9327 ||| INVOKING Heroism.
  9333 | Lair:1   | Reached XP level 12. HP: 76/76 MP: 14/17
  9391 | Lair:1   | 9391 ||| INVOKING Heroism.
  9595 | Lair:1   | 9595 ||| UPGRADING to +0 pair of boots.
  9600 | Lair:1   | 9600 ||| UPGRADING to amulet of reflection.
  9610 | Lair:1   | 9610 ||| DROPPING amulet of regeneration.
  9611 | Lair:1   | 9611 ||| READING 6 scrolls of identify.
  9611 | Lair:1   | 9611 ||| IDENTIFYING smoky golden potion
  9646 | Lair:2   | 9646 ||| INVOKING Heroism.
  9662 | Lair:2   | Reached skill level 9 in Armour
  9678 | Lair:2   | 9678 ||| FLEEEEING.
  9679 | Lair:2   | 9679 ||| STAIRDANCE
  9710 | Lair:2   | 9710 ||| INVOKING Heroism.
  9789 | Lair:2   | Noticed a death yak
  9789 | Lair:2   | Noticed a death yak
  9790 | Lair:2   | 9790 ||| Stepping ~*~*~tactically~*~*~ (stealth).
  9791 | Lair:2   | 9791 ||| Stepping ~*~*~tactically~*~*~ (stealth).
  9792 | Lair:2   | 9792 ||| INVOKING Heroism.
  9794 | Lair:2   | 9794 ||| Stepping ~*~*~tactically~*~*~ (stealth).
  9795 | Lair:2   | Noticed a death yak
  9798 | Lair:2   | Killed a death yak
  9798 | Lair:2   | Noticed a death yak
  9804 | Lair:2   | Noticed a death yak
  9806 | Lair:2   | Killed a death yak
  9816 | Lair:2   | Killed a death yak
  9820 | Lair:2   | Killed a death yak
  9821 | Lair:2   | Killed a death yak
  9821 | Lair:2   | Reached ***** piety under Okawaru
  9822 | Lair:2   | Reached skill level 9 in Invocations
  9827 | Lair:2   | Received a gift from Okawaru
  9990 | Lair:2   | Found a runed translucent gate.
  9990 | Lair:2   | Found a runed translucent gate.
  9990 | Lair:2   | Found a runed translucent gate.
  9990 | Lair:2   | Noticed qw's ghost (journeyman GrHu)
 10094 | Lair:2   | 10094 ||| READING scroll of enchant armour.
 10094 | Lair:2   | 10094 ||| ENCHANTING +0 plate armour of fire resistance.
 10116 | Lair:2   | 10116 ||| Stepping ~*~*~tactically~*~*~ (stealth).
 10131 | Lair:2   | Received a gift from Okawaru
 10487 | Lair:2   | 10487 ||| Stepping ~*~*~tactically~*~*~ (stealth).
 10546 | Lair:2   | 10546 ||| Stepping ~*~*~tactically~*~*~ (stealth).
 10548 | Lair:2   | 10548 ||| Stepping ~*~*~tactically~*~*~ (stealth).
 10552 | Lair:2   | 10552 ||| INVOKING Heroism.
 10557 | Lair:2   | Found a staircase to the Swamp.
 10747 | Lair:2   | 10747 ||| INVOKING Heroism.
 10893 | Lair:2   | Received a gift from Okawaru
 10894 | Lair:2   | Reached XP level 13. HP: 71/82 MP: 20/20
 12270 | Lair:2   | 12270 ||| Stepping randomly (stuck).
 12306 | Lair:3   | 12306 ||| INVOKING Heroism.
 12317 | Lair:3   | Reached skill level 13 in Axes
 12364 | Lair:3   | Noticed Nergalle
 12368 | Lair:3   | 12368 ||| INVOKING Heroism.
 12374 | Lair:3   | Reached skill level 3 in Throwing
 12376 | Lair:3   | Killed Nergalle
 12610 | Lair:3   | 12610 ||| Stepping ~*~*~tactically~*~*~ (stealth).
 12611 | Lair:3   | 12611 ||| Stepping ~*~*~tactically~*~*~ (stealth).
 12635 | Lair:3   | 12635 ||| Stepping ~*~*~tactically~*~*~ (stealth).
 12750 | Lair:3   | 12750 ||| Stepping ~*~*~tactically~*~*~ (stealth).
 12793 | Lair:3   | Found a runed translucent door.
 12793 | Lair:3   | Found a shimmering altar of Xom.
 12793 | Lair:3   | Noticed qw's ghost (journeyman DEHu)
 12809 | Lair:3   | Found a staircase to the Snake Pit.
 12811 | Lair:3   | 12811 ||| Stepping ~*~*~tactically~*~*~ (stealth).
 13037 | Lair:3   | 13037 ||| INVOKING Heroism.
 13038 | Lair:3   | 13038 ||| INVOKING Finesse.
 13042 | Lair:3   | 13042 ||| SWAPPING to +0 flail of protection.
 13053 | Lair:3   | 13053 ||| SWAPPING to +0 spectral war axe.
 13868 | Lair:3   | 13868 ||| Stepping randomly (stuck).
 13889 | Lair:4   | 13889 ||| Stepping ~*~*~tactically~*~*~ (stealth).
 13899 | Lair:4   | 13899 ||| STAIRDANCE
 13959 | Lair:4   | Received a gift from Okawaru
 13961 | Lair:4   | 13961 ||| STAIRDANCE
 14024 | Lair:4   | 14024 ||| STAIRDANCE
 14123 | Lair:4   | 14123 ||| Stepping ~*~*~tactically~*~*~ (stealth).
 14124 | Lair:4   | 14124 ||| Stepping ~*~*~tactically~*~*~ (stealth).
 14127 | Lair:4   | 14127 ||| Stepping ~*~*~tactically~*~*~ (stealth).
 14135 | Lair:4   | Reached skill level 14 in Axes
 14246 | Lair:4   | 14246 ||| Stepping ~*~*~tactically~*~*~ (stealth).
 14252 | Lair:4   | 14252 ||| Stepping ~*~*~tactically~*~*~ (stealth).
 14253 | Lair:4   | 14253 ||| Stepping ~*~*~tactically~*~*~ (stealth).
 14258 | Lair:4   | Received a gift from Okawaru
 14322 | Lair:4   | 14322 ||| INVOKING Heroism.
 14352 | Lair:4   | 14352 ||| Stepping ~*~*~tactically~*~*~ (stealth).
 14362 | Lair:4   | 14362 ||| Stepping ~*~*~tactically~*~*~ (stealth).
 14371 | Lair:4   | 14371 ||| Stepping ~*~*~tactically~*~*~ (stealth).
 14391 | Lair:4   | 14391 ||| Stepping ~*~*~tactically~*~*~ (stealth).
 14489 | Lair:4   | Found a staircase to the Slime Pits.
 14501 | Lair:4   | 14501 ||| Stepping ~*~*~tactically~*~*~ (stealth).
 14503 | Lair:4   | 14503 ||| Stepping ~*~*~tactically~*~*~ (stealth).
 14612 | Lair:4   | 14612 ||| Stepping ~*~*~tactically~*~*~ (stealth).
 14613 | Lair:4   | 14613 ||| Stepping ~*~*~tactically~*~*~ (stealth).
 14621 | Lair:4   | 14621 ||| Stepping ~*~*~tactically~*~*~ (stealth).
 14628 | Lair:4   | 14628 ||| Stepping ~*~*~tactically~*~*~ (stealth).
 14710 | Lair:4   | 14710 ||| Stepping ~*~*~tactically~*~*~ (stealth).
 14777 | Lair:4   | 14777 ||| Stepping ~*~*~tactically~*~*~ (stealth).
 14794 | Lair:4   | Received a gift from Okawaru
 14861 | Lair:4   | 14861 ||| Stepping ~*~*~tactically~*~*~ (stealth).
 14873 | Lair:4   | Received a gift from Okawaru
 14976 | Lair:4   | 14976 ||| READING scroll of acquirement.
 14976 | Lair:4   | 14976 ||| ACQUIRING +1 pair of boots "Feintof" {Will++
                  | rCorr Str-3 Int+3}
 14976 | Lair:4   | Acquired the +1 pair of boots "Feintof" {Will++ rCorr Str-3
                  | Int+3}
 14978 | Lair:4   | 14978 ||| UPGRADING to +1 pair of boots "Feintof" {Will++
                  | rCorr Str-3 Int+3}.
 14988 | Lair:4   | 14988 ||| REMOVING ring of willpower.
 15579 | Lair:4   | 15579 ||| UPGRADING to +6 ring of dexterity.
 15580 | Lair:4   | 15580 ||| READING scroll labelled OTI ZOEMON.
 15632 | Lair:4   | 15632 ||| READING 8 scrolls of identify.
 15632 | Lair:4   | 15632 ||| IDENTIFYING sedimented sapphire potion
 15633 | Lair:4   | 15633 ||| READING 7 scrolls of identify.
 15633 | Lair:4   | 15633 ||| IDENTIFYING murky cyan potion
 15685 | Lair:5   | Entered Level 5 of the Lair of Beasts
 15696 | Lair:5   | 15696 ||| Stepping ~*~*~tactically~*~*~ (stealth).
 15706 | Lair:5   | Gained mutation: Your large and strong wings let you fly.
                  | [Gargoyle growth]
 15706 | Lair:5   | Reached XP level 14. HP: 89/90 MP: 21/21
 15709 | Lair:5   | 15709 ||| STAIRDANCE
 15758 | Lair:5   | 15758 ||| STAIRDANCE
 15760 | Lair:4   | Reached ****** piety under Okawaru
 15837 | Lair:5   | 15837 ||| STAIRDANCE
 15879 | Lair:5   | Received a gift from Okawaru
 15881 | Lair:5   | 15881 ||| INVOKING Heroism.
 15911 | Lair:5   | 15911 ||| Stepping ~*~*~tactically~*~*~ (hiding).
 15941 | Lair:5   | 15941 ||| READING scroll of enchant armour.
 15941 | Lair:5   | 15941 ||| ENCHANTING +1 plate armour of fire resistance.
 16005 | Lair:5   | 16005 ||| Stepping ~*~*~tactically~*~*~ (hiding).
 16008 | Lair:5   | 16008 ||| Stepping ~*~*~tactically~*~*~ (hiding).
 16010 | Lair:5   | 16010 ||| INVOKING Heroism.
 16011 | Lair:5   | 16011 ||| INVOKING Finesse.
 16073 | Lair:5   | 16073 ||| Stepping ~*~*~tactically~*~*~ (hiding).
 16083 | Lair:5   | 16083 ||| INVOKING Heroism.
 16084 | Lair:5   | 16084 ||| INVOKING Finesse.
 16092 | Lair:5   | 16092 ||| SWAPPING to +0 flail of protection.
 16102 | Lair:5   | 16102 ||| SWAPPING to +0 spectral war axe.
 16112 | Lair:5   | Reached skill level 6 in Throwing
 16350 | Lair:5   | 16350 ||| Stepping ~*~*~tactically~*~*~ (stealth).
 16355 | Lair:5   | Reached skill level 15 in Axes
 16366 | Lair:5   | 16366 ||| Stepping ~*~*~tactically~*~*~ (stealth).
 16367 | Lair:5   | 16367 ||| INVOKING Heroism.
 16368 | Lair:5   | 16368 ||| INVOKING Finesse.
 16370 | Lair:5   | 16370 ||| SWAPPING to +0 flail of protection.
 16380 | Lair:5   | 16380 ||| SWAPPING to +0 spectral war axe.
 16381 | Lair:5   | 16381 ||| SWAPPING to +0 flail of protection.
 16405 | Lair:5   | 16405 ||| SWAPPING to +0 spectral war axe.
 16450 | Lair:5   | 16450 ||| INVOKING Finesse.
 16458 | Lair:5   | 16458 ||| SWAPPING to +0 flail of protection.
 16460 | Lair:5   | 16460 ||| SWAPPING to +0 spectral war axe.
 16589 | Lair:5   | 16589 ||| Stepping ~*~*~tactically~*~*~ (stealth).
 16610 | Lair:5   | Reached skill level 12 in Armour
 16619 | Lair:5   | 16619 ||| Stepping ~*~*~tactically~*~*~ (stealth).
 16651 | Lair:5   | 16651 ||| Stepping ~*~*~tactically~*~*~ (hiding).
 16683 | Lair:5   | 16683 ||| INVOKING Heroism.
 16684 | Lair:5   | 16684 ||| INVOKING Finesse.
 16686 | Lair:5   | 16686 ||| SWAPPING to +0 flail of protection.
 16690 | Lair:5   | 16690 ||| SWAPPING to +0 spectral war axe.
 16774 | Lair:5   | Noticed a dire elephant
 16775 | Lair:5   | 16775 ||| INVOKING Heroism.
 16794 | Lair:5   | Killed a dire elephant
 16823 | Lair:5   | 16823 ||| Stepping ~*~*~tactically~*~*~ (hiding).
 16824 | Lair:5   | 16824 ||| Stepping ~*~*~tactically~*~*~ (hiding).
 16826 | Lair:5   | 16826 ||| Stepping ~*~*~tactically~*~*~ (hiding).
 16940 | Lair:5   | Found a burning altar of Makhleb.
 16950 | Lair:5   | 16950 ||| INVOKING Heroism.
 16956 | Lair:5   | Reached skill level 12 in Fighting
 17140 | Lair:5   | Found a gateway to Hell.
 17264 | Lair:5   | 17264 ||| PLANNING D:1-11
 17264 | Lair:5   | 17264 ||| DROPPING amulet of guardian spirit.
 17742 | D:11     | 17742 ||| Stepping ~*~*~tactically~*~*~ (stealth).
 18066 | D:11     | 18066 ||| PLANNING D
 18066 | D:11     | 18066 ||| UPGRADING to +0 kite shield.
 18076 | D:11     | 18076 ||| DROPPING +0 buckler.
 18166 | D:12     | 18166 ||| FLEEEEING.
 18167 | D:12     | 18167 ||| FLEEEEING.
 18168 | D:12     | 18168 ||| FLEEEEING.
 18169 | D:12     | 18169 ||| FLEEEEING.
 18177 | D:12     | Received a gift from Okawaru
 18200 | D:12     | Reached XP level 15. HP: 90/96 MP: 22/22
 18233 | D:12     | Noticed Azrael
 18234 | D:12     | 18234 ||| INVOKING Heroism.
 18235 | D:12     | 18235 ||| INVOKING Finesse.
 18250 | D:12     | Killed Azrael
 18254 | D:12     | 18254 ||| FLEEEEING.
 18255 | D:12     | 18255 ||| FLEEEEING.
 18261 | D:12     | 18261 ||| FLEEEEING.
 18266 | D:12     | 18266 ||| FLEEEEING.
 18267 | D:12     | 18267 ||| FLEEEEING.
 18414 | D:12     | 18414 ||| Stepping ~*~*~tactically~*~*~ (stealth).
 18420 | D:12     | 18420 ||| INVOKING Heroism.
 18421 | D:12     | 18421 ||| READING 2 scrolls of teleportation.
 18519 | D:12     | 18519 ||| DROPPING +0 flail of protection.
 18520 | D:12     | 18520 ||| DROPPING +0 flail of holy wrath.
 18556 | D:12     | Reached skill level 9 in Shields
 18627 | D:12     | 18627 ||| Stepping ~*~*~tactically~*~*~ (stealth).
 18755 | D:12     | 18755 ||| READING scroll of enchant armour.
 18755 | D:12     | 18755 ||| ENCHANTING +2 plate armour of fire resistance.
 19031 | D:13     | Noticed Erolcha
 19042 | D:13     | 19042 ||| INVOKING Heroism.
 19058 | D:13     | Killed Erolcha
 19560 | D:13     | 19560 ||| INVOKING Heroism.
 19565 | D:13     | Received a gift from Okawaru
 19586 | D:13     | 19586 ||| Stepping ~*~*~tactically~*~*~ (stealth).
 19935 | D:13     | 19935 ||| READING 10 scrolls of identify.
 19935 | D:13     | 19935 ||| IDENTIFYING puce potion
 19959 | D:14     | Noticed Nessos
 19959 | D:14     | Noticed Louise
 19959 | D:14     | Found a gate to the Vaults.
 19960 | D:14     | 19960 ||| PLANNING GAUNTLET
 19960 | D:14     | 19960 ||| INVOKING Heroism.
 19961 | D:14     | 19961 ||| INVOKING Finesse.
 19972 | D:14     | Killed Nessos
 19973 | D:14     | Reached skill level 12 in Shields
 19973 | D:14     | 19973 ||| STAIRDANCE
 20147 | D:14     | 20147 ||| INVOKING Heroism.
 20148 | D:14     | 20148 ||| INVOKING Finesse.
 20150 | D:14     | Received a gift from Okawaru
 20167 | D:14     | HP: 18/96 [Louise collision (16)]
 20168 | D:14     | 20168 ||| READING scroll of teleportation.
 20175 | D:14     | HP: 10/96 [Louise/+2 trident of venom (8)]
 20176 | D:14     | Noticed Jorgrun
 20177 | D:14     | 20177 ||| INVOKING Finesse.
 20179 | D:14     | 20179 ||| Stepping ~*~*~tactically~*~*~ (hiding).
 20190 | D:14     | 20190 ||| INVOKING Heroism.
 20197 | D:14     | HP: 13/96 [Jorgrun/+0 heavy quarterstaff (1)]
 20200 | D:14     | Reached skill level 16 in Axes
 20200 | D:14     | Killed Jorgrun
 20200 | D:14     | Received a gift from Okawaru
 20459 | D:14     | 20459 ||| RIP GAUNTLET
 20484 | D:14     | 20484 ||| PLANNING D
 20500 | D:14     | 20500 ||| Stepping ~*~*~tactically~*~*~ (hiding).
 20518 | D:14     | 20518 ||| Stepping ~*~*~tactically~*~*~ (hiding).
 20549 | D:14     | 20549 ||| Stepping ~*~*~tactically~*~*~ (hiding).
 20550 | D:14     | 20550 ||| Stepping ~*~*~tactically~*~*~ (hiding).
 20553 | D:14     | 20553 ||| INVOKING Heroism.
 20563 | D:14     | Killed Louise
 20777 | D:14     | 20777 ||| Stepping ~*~*~tactically~*~*~ (stealth).
 20834 | D:14     | 20834 ||| DROPPING +3 war axe of electrocution.
 20900 | D:14     | Found an iron altar of Okawaru.
 21166 | D:14     | 21166 ||| UPGRADING to +0 tower shield.
 21176 | D:14     | 21176 ||| DROPPING +0 kite shield.
 21223 | D:15     | Entered Level 15 of the Dungeon
 21238 | D:15     | 21238 ||| INVOKING Heroism.
 21241 | D:15     | 21241 ||| SWAPPING to +2 morningstar of protection.
 21255 | D:15     | HP: 19/96 [five-headed hydra[a boggart] (10)]
 21259 | D:15     | HP: 2/96 [cyclops[a boggart] (18)]
 21266 | D:15     | Mangled by a five-headed hydra

Levels and vault maps discovered:
D:1:      dpeg_arrival_water_temple_mockup, layout_basic
D:2:      layout_rooms
D:3:      layout_basic, minmay_misc_feat_secret_circle, uniq_sigmund
D:4:      layout_basic, dreamdust_mushroom_princess
D:5:      layout_gridville, overflow_temple_1_default
D:6:      layout_loops_ring, mainiacjoe_overflow_swirl,
          nicolae_overflow_crystal_walls
D:7:      layout_loops_ring, minmay_temple_entry_junction
D:8:      layout_cave_pods, nicolae_uskayaw_dance_hall,
          ebering_ghost_inner_flame, nicolae_benzene_ring
D:9:      layout_long_grid
D:10:     minmay_goldmine, layout_loops_ring, kennysheep_mini_moat,
          gammafunk_temple_overflow_statue, erik_lair_orcish_takeover,
          zombieorc2_lemuel, ebering_ghost_rock_garden
D:11:     layout_roguey, serial_aquarium, aquarium_bridge_straight
          [aquarium_subvault_bridge, aquarium_subvault_balcony,
          aquarium_subvault_bridge, aquarium_subvault_wall],
          aquarium_window_fake, aquarium_window_fake, aquarium_window_1,
          aquarium_view_2e, chequers_garden
D:12:     layout_roguey, uniq_azrael
D:13:     gargoyle_guard, layout_small_grid, kennysheep_generic_room_5,
          uniq_erolcha
D:14:     layout_loops_ring, david_vaults_3, gauntlet_entry_generic,
          serial_bayou_pond_d, nicolae_eternal_life,
          kennysheep_okawaru_gauntlet, uniq_jorgrun, uniq_nessos, uniq_louise
D:15:     hangedman_depths_entry_try_elsewhere_first, layout_loops_ring,
          dk_noncrumbling_3, columned_hall_lemuel
Temple:   jpeg_temple_clearing
Lair:1:   layout_hall_layers, portal_ice_cave_entry_imps, uniq_sonja
Lair:2:   layout_loops_ring, skrybe_swamp_entry_bodies,
          ebering_ghost_rock_garden
Lair:3:   layout_misc_corridors, guppyfry_snake_entry_garden, ebering_ghost_xom,
          grunt_megastairs_5, uniq_nergalle
Lair:4:   layout_layer_cave, nicolae_slime_entry_field_trip,
          nicolae_volcano_entry_hallway, grunt_megastairs_4,
          serial_bayou_shore_b
Lair:5:   evil_forest, layout_long_grid, pond

Skill      XL: |  1  2  3  4  5  6  7  8  9 10 11 12 13 14 15 |
---------------+----------------------------------------------+-----
Axes           | 2 3 5 7 8 10 11 12 14 15 16 | 16.0
Fighting       | 4 5 6 7 8 9 10 11 12 | 12.0
Dodging        | 1 2 3 4 |  4.0
Throwing       | 2 5 6 |  6.0
Armour         | 5 6 8 10 11 12 | 12.0
Shields        | 4 6 7 8 12 | 12.4
Invocations    | 2 4 6 10 | 10.0

Action                     |  1- 3 |  4- 6 |  7- 9 | 10-12 | 13-15 || total
---------------------------+-------+-------+-------+-------+-------++-------
  Melee: War axe           |    98 |    61 |   183 |   394 |   766 ||  1502
         Flail             |       |       |       |       |    50 ||    50
         Morningstar       |       |       |       |       |    25 ||    25
  Throw: Javelin           |       |       |    31 |    11 |    64 ||   106
         Boomerang         |       |       |       |   119 |   148 ||   267
 Invoke: Heroism           |       |       |     1 |    19 |    20 ||    40
         Finesse           |       |       |       |       |    10 ||    10
    Use: Scroll            |     5 |     4 |     8 |     3 |     9 ||    29
         Potion            |     1 |     1 |     2 |       |       ||     4
   Stab: Distracted        |       |       |     3 |     6 |     9 ||    18
         Petrified         |       |       |       |     2 |       ||     2
 Armour: Scale mail        |    47 |    19 |    14 |       |       ||    80
         Acid dragon scale |       |       |    29 |       |       ||    29
         Chain mail        |       |       |    25 |    42 |       ||    67
         Plate armour      |       |       |       |   106 |   397 ||   503
  Dodge: Dodged            |    52 |    26 |    71 |    83 |   189 ||   421
  Block: Buckler           |    22 |     9 |    34 |    83 |   179 ||   327
         Kite shield       |       |       |       |       |   183 ||   183
         Reflection        |       |       |       |       |    14 ||    14
         Tower shield      |       |       |       |       |    77 ||    77

Table legend:
 A = Non-vault XP
 B = Vault XP
 C = Vault XP percentage of total XP
 D = Non-vault monster count
 E = Vault monster count
 F = Vault count percentage of total count
                 A         B        C        D         E       F
            +---------+---------+-------+---------+---------+-------
      Total |   82557 |   39020 |  32.1 |     395 |     166 |  29.6
            +---------+---------+-------+---------+---------+-------
        D:1 |      11 |       0 |   0.0 |       8 |       0 |   0.0
        D:2 |      56 |       0 |   0.0 |      15 |       0 |   0.0
        D:3 |      66 |     214 |  76.4 |      23 |       1 |   4.2
        D:4 |     375 |       0 |   0.0 |      24 |       0 |   0.0
        D:5 |    1072 |       0 |   0.0 |      19 |       0 |   0.0
        D:6 |     967 |       0 |   0.0 |      19 |       0 |   0.0
        D:7 |    2087 |       0 |   0.0 |      24 |       0 |   0.0
        D:8 |    1398 |       0 |   0.0 |      15 |       0 |   0.0
        D:9 |    3667 |       0 |   0.0 |      29 |       0 |   0.0
       D:10 |    2591 |    1859 |  41.8 |      15 |      57 |  79.2
       D:11 |    4535 |       0 |   0.0 |      13 |       0 |   0.0
       D:12 |    6351 |    1817 |  22.2 |      17 |       6 |  26.1
       D:13 |    4592 |    7676 |  62.6 |      14 |      15 |  51.7
       D:14 |    8679 |    8251 |  48.7 |      15 |      21 |  58.3
     Lair:1 |    4303 |     900 |  17.3 |      15 |      13 |  46.4
     Lair:2 |   11875 |     649 |   5.2 |      32 |       1 |   3.0
     Lair:3 |    6373 |    3386 |  34.7 |      20 |      11 |  35.5
     Lair:4 |   14019 |    1047 |   6.9 |      46 |      10 |  17.9
     Lair:5 |    9540 |   13221 |  58.1 |      32 |      31 |  49.2
            +---------+---------+-------+---------+---------+-------
